 Dungeon Crawl Stone Soup version 0.25-a0-413-g3b4b6a4ccc (webtiles) character file.

Game seed: 2729574822345815872, levelgen mode: deterministic

454578 Borgoz the Shatterer (level 24, -1/161 HPs)
             Began as a Gargoyle Berserker on Jan 16, 2020.
             Was a High Priest of Trog.
             Killed by the air
             ... invoked by a titan
              (33 damage)
             ... on level 5 of the Vaults.
             The game lasted 02:08:30 (52371 turns).

Borgoz the Shatterer (Gargoyle Berserker)          Turns: 52371, Time: 02:08:31

Health: -1/161     AC: 50    Str: 31    XL:     24   Next: 36%
Magic:  8/8        EV: 26    Int: 11    God:    Trog [*****.]
Gold:   787        SH:  5    Dex: 28    Spells: 23/23 levels left

rFire    + + +     SeeInvis .   a - +9 great mace (antimagic)
rCold    + + +     Gourm    .   (shield currently unavailable)
rNeg     + + +     Faith    .   q - +7 plate armour "Xuugamir" {-Cast rN+++ Dex+4}
rPois    ∞         Spirit   .   U - -2 hat of the Alchemist {rElec rPois rF+ rC+ rN+ MR+ rMut rCorr}
rElec    +         Reflect  +   I - scarf {rC+ rF+}
rCorr    +         Harm     .   V - +2 pair of gloves {Str+3}
rMut     +         NoCast   +   h - +2 pair of boots
MR       +++++                  t - amulet of Eternal Night {Reflect Int+2 Slay+5 SH+5}
Stlth    ..........             O - ring of Rosaonn {MR+ Slay+5}
HPRegen  1.36/turn              n - ring of Baikh {*Slow Str+2 Dex+9 Slay+2 Stlth+}
MPRegen  0.11/turn

@: resistant, flying, very slightly contaminated, regenerating, studying Maces &
Flails
A: big wings, low mp 1, negative energy resistance 1, electricity resistance,
unbreathing, petrification resistance, rot immunity, AC +18
}: 2/15 runes: decaying, serpentine
a: Stop Flying, Berserk, Trog's Hand, Brothers in Arms, Renounce Religion


You were on level 5 of the Vaults.
You worshipped Trog.
Trog was extremely pleased with you.
You were hungry.

You visited 7 branches of the dungeon, and saw 39 of its levels.
You visited the Abyss 2 times.
You also visited: Sewer, Ossuary, Ice Cave and Desolation.

You collected 5419 gold pieces.
You spent 4632 gold pieces at shops.

Inventory:

Hand Weapons
 a - a +9 antimagic great mace (weapon)
 b - a +9 great mace of holy wrath
Missiles
 Q - a throwing net (quivered)
Armour
 h - a +2 pair of boots (worn)
 q - the +7 plate armour "Xuugamir" (worn) {-Cast rN+++ Dex+4}
   (You bought it in a shop on level 2 of the Orcish Mines)

   It affects your dexterity (+4).
   It renders you almost immune to negative energy.
   It prevents spellcasting.
 I - a scarf of resistance (worn)
 U - the -2 hat of the Alchemist (worn) {rElec rPois rF+ rC+ rN+ MR+ rMut rCorr}
   (You found it on level 3 of the Elven Halls)

   It protects you from fire.
   It protects you from cold.
   It insulates you from electricity.
   It protects you from poison.
   It protects you from negative energy.
   It affects your resistance to hostile enchantments.
   It provides partial protection from all sources of acid and corrosion.
   It protects you from mutation.
 V - a +2 pair of gloves of strength (worn)
Jewellery
 n - the ring of Baikh (right hand) {*Slow Str+2 Dex+9 Slay+2 Stlth+}
   (You acquired it on level 1 of the Lair of Beasts)

   [ring of stealth]

   It affects your strength (+2).
   It affects your dexterity (+9).
   It affects your accuracy and damage with ranged weapons and melee attacks
   (+2).
   It may slow you when you take damage.
   It makes you more stealthy.
 t - the amulet of Eternal Night (around neck) {Reflect Int+2 Slay+5 SH+5}
   (You found it on level 3 of the Elven Halls)

   [amulet of reflection]

   It shields you and reflects attacks.
   It affects your intelligence (+2).
   It affects your accuracy and damage with ranged weapons and melee attacks
   (+5).
   It affects your SH (+5).
 O - the ring of Rosaonn (left hand) {MR+ Slay+5}
   (You bought it in a shop on level 1 of the Elven Halls)

   [ring of protection from magic]

   It affects your accuracy and damage with ranged weapons and melee attacks
   (+5).
   It affects your resistance to hostile enchantments.
 S - an uncursed ring of see invisible
Wands
 d - a wand of acid (18)
 p - a wand of disintegration (6)
 z - a wand of paralysis (24)
 C - a wand of iceblast (50)
 F - a wand of digging (23)
Scrolls
 i - 6 scrolls of fog
 k - 8 scrolls of blinking
 l - 2 scrolls of holy word
 m - 10 scrolls of fear
 s - 18 scrolls of teleportation
 v - 2 scrolls of magic mapping
 y - 18 scrolls of remove curse
 B - 5 scrolls of immolation
 K - a scroll of silence
 L - a scroll of summoning
Potions
 e - 3 potions of invisibility
 g - 14 potions of curing
 j - 4 potions of heal wounds
 o - 11 potions of might
 u - 6 potions of agility
 w - 2 potions of ambrosia
 x - 4 potions of cancellation
 A - 9 potions of haste
 G - 6 potions of resistance
Books
 Y - a manual of Maces & Flails
Comestibles
 c - 74 rations
 f - 10 chunks of flesh


   Skills:
 + Level 19.5 Fighting
 * Level 22.5 Maces & Flails
 + Level 19.4 Armour
 * Level 19.3 Dodging
 - Level 5.0 Evocations


You had 23 spell levels left.
You didn't know any spells.
Your spell library was empty.

Dungeon Overview and Level Annotations

Branches:
Dungeon (15/15)            Temple (0/1) D:6            Lair (6/6) D:10
  Swamp (4/4) Lair:4        Snake (4/4) Lair:3        Slime (0/5) Lair:6
    Orc (2/2) D:9             Elf (3/3) Orc:2        Vaults (5/5) D:13
  Crypt (0/3) Vaults:3     Depths (0/5) D:15          Sewer (visited)
Ossuary (visited)           IceCv (visited)         Desolation (visited)

Altars:
Ashenzari
Dithmenos
Elyvilon
Fedhas
Hepliaklqana
Kikubaaqudgha
Makhleb
Nemelex Xobeh
Okawaru
Ru
Wu Jian
Xom
Yredelemnul
The Shining One
Lugonu

Shops:
D:4 !   D:13 *   Orc:1 (   Orc:2 =(*[   Elf:1 =   Elf:3 (   Vaults:1 *
Vaults:3 :

Portals:
Abyss: Swamp:4


Innate Abilities, Weirdness & Mutations

You are resistant to torment.
Your stone body is resilient. (AC +18)
You are immune to poison.
Your large and strong wings let you fly indefinitely.
You resist negative energy. (rN+)
You are resistant to electric shocks. (rElec)
You can survive without breathing.
You are immune to petrification.
You are immune to rotting.
Your magical capacity is low. (-10% MP)


Message History

The iron dragon is lightly wounded.
The fiery explosion engulfs the hell rat!!
You kill the hell rat!
The hell rat's corpse disappears in a puff of smoke!
Trog accepts your kill.
The fiery explosion engulfs the deep elf high priest!!!
Flame seeps out of the deep elf high priest.
The deep elf high priest is almost dead.
The fiery explosion engulfs the vault warden!!!
Flame seeps out of the vault warden.
The vault warden is almost dead.
Trog accepts your kill.
Trog appreciates your killing of a magic user.
The quicksilver dragon breathes dispelling energy at you.
The bolt of dispelling energy misses you.
The titan is engulfed in blazing flames.
Flame seeps out of the titan.
The titan waves its arms in wide circles.
The air twists around and violently strikes you in flight!!
You die...

.. ..#..#....# ..
.#..#....#..#
...#....#.##
.....○x.O..
#####...O.DO.#########
.......pCe...O.....(..
.....s[C°DuOO.@.......
...ppCru§p<...........
.....e)wH§e..s........
#####s○...D..#########
......%.....
....#...%#...
###..#....# ##
#..#....# #..#....#


You could see an iron dragon (inner flame), 2 titans, a golden dragon (inner
flame), 2 very ugly things, a quicksilver dragon (inner flame), a sphinx (inner
flame), a vault warden (inner flame), a vault guard (inner flame), a tyrant
leech shaped shifter, 2 two-headed ogres, an ogre mage, 2 deep elf high priests,
a jumping spider, 3 ogres and a small abomination (inner flame).

Vanquished Creatures
  Bai Suzhen (Snake:4)
  Vashnia (Snake:4)
  the Lernaean hydra (Swamp:4)
  Nikola (Swamp:3)
  Rupert (D:12)
  A lich (D:10)
  The ghost of Ge0ff the Blocker, an adept FoTm of Jiyva (Elf:3)
  A deep elf master archer (Elf:3)
  2 deep elf blademasters (Elf:3)
  A titan (Vaults:4)
  An acid blob (shapeshifter) (Elf:3)
  An Ice Fiend (IceCv)
  A tentacled starspawn (Abyss:2)
  Agnes (Snake:4)
  A shadow dragon (Vaults:3)
  6 thorn hunters
  The ghost of Yorgos the Blocker, an adept GnFi of Qazlal (Swamp:4)
  Gastronok (Lair:3)
  Donald (Vaults:3)
  8 nagarajas
  A tengu reaver (Vaults:3)
  2 fire giants
  Kirke (Swamp:2)
  The ghost of Qiclaph the Severer, a journeyman MiBe of Trog (Lair:4)
  The ghost of Pucezots the Warrior, a journeyman MiBe of Trog (Orc:1)
  2 frost giants
  6 deep elf sorcerers
  A balrug (Abyss:2)
  Aizul (Swamp:3)
  10 vault wardens
  2 orc warlords
  6 deep elf elementalists
  An angel (Abyss:2)
  4 imperial myrmidons (Desolation)
  18 ironheart preservers
  A cacodemon (Swamp:4)
  2 entropy weavers
  6 stone giants
  5 starcursed masses (Abyss:2)
  4 very ugly things
  Azrael (D:12)
  3 deep elf demonologists
  A dire elephant (Lair:6)
  8 deep elf annihilators
  2 spark wasps (shapeshifter)
  Nessos (D:12)
  A halazid warlock (Desolation)
  11 deep elf death magi
  An ettin (shapeshifter) (Vaults:3)
  A green death (Abyss:2)
  Snorg (Orc:1)
  2 fire dragons
  A fire dragon (shapeshifter) (Elf:3)
  3 crystal guardians
  Josephine (D:12)
  5 ettins
  3 great orbs of eyes
  Erolcha (D:13)
  2 deep elf high priests (Elf:3)
  3 yaktaur captains
  7 ragged hierophants (Desolation)
  10 ogre magi
  6 peacekeepers (Desolation)
  33 hydras
  Fannar (Lair:2)
  3 rakshasas
  5 ice dragons
  16 naga warriors
  27 vault guards
  3 shambling mangroves
  The ghost of Junuurch the Carver, a journeyman OpFi of Gozag (Lair:3)
  7 servants of whispers (Desolation)
  4 catoblepae
  Erica (Orc:1)
  7 anacondas
  31 two-headed ogres
  15 alligators
  27 dancing weapons
  12 death yaks
  7 centaur warriors
  A satyr (shapeshifter) (Swamp:4)
  3 thrashing horrors (Abyss:2)
  4 orc high priests (Orc:2)
  A deep troll earth mage (Vaults:4)
  9 shock serpents
  18 naga sharpshooters
  9 deep elf knights
  A tengu warrior (D:15)
  4 hell knights (Vaults:3)
  A wretched star (Abyss:2)
  4 salamander mystics
  2 skeletal warriors (D:10)
  A sixfirhy (Abyss:2)
  A death drake (Abyss:2)
  A shadow wraith (Vaults:2)
  8 sea snakes
  17 swamp dragons
  3 unseen horrors
  3 glowing orange brains
  2 death drakes (shapeshifter) (Elf:3)
  A spriggan druid (Swamp:4)
  6 deep trolls
  16 deep elf archers
  3 wizards (Vaults:3)
  25 ironbrand convokers
  A phantasmal warrior (Abyss:2)
  7 naga ritualists
  15 orc knights
  A flayed ghost (Vaults:4)
  7 necromancers
  3 lindwurms (Lair:6)
  5 wolf spiders
  10 mana vipers
  5 orc sorcerers
  55 deep elf magi
  25 slime creatures
  16 ugly things
  A tengu skeleton (Vaults:2)
  2 worldbinders
  5 cyclopes
  4 manticores
  12 salamanders
  Joseph (D:9)
  2 apocalypse crabs (Abyss:2)
  6 elephants
  38 black mambas
  26 naga magi
  3 moths of wrath (Elf:3)
  14 vault sentinels
  6 guardian serpents
  A molten gargoyle (Desolation)
  A rust devil (Abyss:2)
  6 torpor snails
  An eye of devastation (shapeshifter) (Vaults:4)
  2 smoke demons (Abyss:2)
  2 orange demons (Abyss:2)
  3 ice statues (IceCv)
  3 gargoyles
  16 spiny frogs
  A hellion (Swamp:4)
  7 large abominations
  5 rime drakes
  15 komodo dragons
  35 yaktaurs
  8 ice devils (IceCv)
  2 efreet
  A yaktaur (shapeshifter) (Abyss:2)
  9 freezing wraiths
  6 ancient zymes (Abyss:2)
  A komodo dragon (shapeshifter) (Elf:3)
  A jumping spider (shapeshifter) (Vaults:2)
  A tengu conjurer (D:15)
  A yaktaur skeleton (Vaults:2)
  A wolf spider simulacrum (D:10)
  A polar bear (Lair:6)
  3 raiju (Abyss:2)
  Grinder (D:3)
  A jumping spider (Vaults:4)
  26 hornets
  Prince Ribbit (D:6)
  12 hippogriffs
  9 trolls
  52 saltlings (Desolation)
  12 tyrant leeches
  16 blink frogs
  5 bog bodies
  5 dream sheep
  A blink frog (shapeshifter) (D:15)
  An air elemental (Elf:2)
  A flying skull (Abyss:2)
  Sigmund (D:4)
  3 spriggans (Swamp:4)
  2 spriggans (shapeshifter)
  5 wraiths
  An ettin skeleton (Vaults:2)
  A redback (Vaults:4)
  5 dire elephant simulacra (IceCv)
  3 water elementals
  4 shadows
  3 ynoxinuls (Abyss:2)
  50 yaks
  3 fire elementals (D:12)
  2 wyverns
  Grum (D:11)
  A basilisk (shapeshifter) (D:14)
  9 small abominations
  6 basilisks
  20 vampire mosquitoes
  3 chaos spawn (Abyss:2)
  2 hungry ghosts
  5 wargs
  14 swamp worms
  An iron troll simulacrum (IceCv)
  A harpy simulacrum (IceCv)
  2 two-headed ogre zombies (D:9)
  4 insubstantial wisps (Swamp:1)
  44 nagas
  A soldier ant (D:12)
  2 hydra simulacra (IceCv)
  A hell hound (D:12)
  14 water moccasins
  16 porcupines
  3 black bears
  49 orc warriors
  12 swamp drakes
  6 ice beasts
  A hornet zombie (D:14)
  35 ogres
  A sky beast (shapeshifter) (Vaults:2)
  2 sky beasts
  An ettin simulacrum (IceCv)
  2 eyes of draining
  A necrophage (D:13)
  An ogre (shapeshifter) (Elf:3)
  6 phantoms
  9 wolves
  4 boggarts
  11 centaurs
  21 crocodiles
  3 elf zombies
  5 big kobolds
  18 bullfrogs
  A human skeleton (Vaults:2)
  4 earth elementals
  A wyvern zombie (D:6)
  2 human simulacra
  2 wyvern skeletons
  A water moccasin skeleton (D:5)
  6 scorpions
  5 killer bees
  17 wights
  5 howler monkeys
  7 electric eels
  A bullfrog zombie (D:6)
  5 centaur zombies
  2 crimson imps
  4 quasits
  3 human zombies (Ossuary)
  9 hounds
  23 orc priests
  3 jellies
  41 orc wizards
  A bullfrog skeleton (D:8)
  2 centaur skeletons
  4 iguanas
  13 worker ants
  6 ogre zombies (D:9)
  A big kobold zombie (Ossuary)
  3 hound zombies
  A hound skeleton (D:5)
  3 mummies (Ossuary)
  3 gnolls (D:5)
  2 worker ant zombies
  16 adders
  8 river rats (Sewer)
  4 shadow imps
  2 white imps (Abyss:2)
  An ufetubus (Abyss:2)
  3 adder zombies
  2 adder skeletons (D:6)
  7 worms
  4 leopard geckos
  125 orcs
  6 ball pythons
  9 bats
  5 giant cockroaches
  7 goblins
  3 hobgoblins (D:1)
  13 jackals
  A quokka (D:2)
  5 frilled lizards
  2 goblin skeletons (D:9)
  7 goblin zombies
  A hobgoblin skeleton (D:9)
  6 hobgoblin zombies
  4 jackal zombies (Ossuary)
  23 kobolds
  5 kobold zombies (Ossuary)
  3 orc skeletons (D:9)
  14 orc zombies
  2 quokka zombies (Ossuary)
  22 rats
  4 rat zombies (Ossuary)
  2 briar patches (Swamp:3)
  A lurking horror (Abyss:2)
  3 pillars of salt (Elf:2)
  4 plants
  2 starspawn tentacles (Abyss:2)
2001 creatures vanquished.

Vanquished Creatures (collateral kills)
  A nagaraja (Snake:4)
  An ironheart preserver (Vaults:3)
  A ragged hierophant (Desolation)
  2 vault guards (Vaults:5)
  A naga warrior (Snake:4)
  A rakshasa (Vaults:3)
  A servant of whispers (Desolation)
  A peacekeeper (Desolation)
  The ghost of Vopap the Basher, a journeyman GrGl of Okawaru (D:10)
  A two-headed ogre (Vaults:3)
  Sonja (D:10)
  An ironbrand convoker (Desolation)
  A necromancer (D:10)
  A mana viper (Snake:4)
  4 oklob plants (Lair:4)
  A molten gargoyle (Desolation)
  6 saltlings (Desolation)
  2 vampires (D:10)
  A wraith (D:10)
  A plant (Lair:4)
30 creatures vanquished.

Vanquished Creatures (others)
  A deep elf master archer (Elf:3)
  A deep elf knight (Elf:2)
  An orc knight (Vaults:3)
  A shadow (D:12)
  A human (Swamp:2)
  3 insubstantial wisps (Elf:3)
  An orc wizard (Vaults:3)
  An orc (Vaults:3)
  3 briar patches
  8 fungi
  13 plants
  3 starspawn tentacles (Abyss:2)
37 creatures vanquished.

Grand Total: 2068 creatures vanquished

Notes
Turn   | Place    | Note
-------+----------+-------------------------------------------
     0 | D:1      | Borgoz the Gargoyle Berserker began the quest for the Orb.
     0 | D:1      | Reached XP level 1. HP: 14/14 MP: 1/1
    10 | D:1      | Noticed a minotaur zombie
   213 | D:1      | Reached XP level 2. HP: 18/19 MP: 2/2
   861 | D:1      | Reached XP level 3. HP: 23/23 MP: 3/3
   995 | D:2      | Reached ** piety under Trog
  1152 | D:2      | Found a shadowy altar of Dithmenos.
  1221 | D:2      | Found a faded altar of an unknown god.
  1229 | D:2      | Reached XP level 4. HP: 29/29 MP: 4/4
  1402 | D:2      | Found a burning altar of Makhleb.
  1582 | D:2      | Found a sparkling altar of Nemelex Xobeh.
  1905 | D:3      | Found a glowing drain.
  1922 | D:3      | Reached XP level 5. HP: 28/33 MP: 5/5
  1951 | Sewer    | Entered a sewer
  2041 | Sewer    | Reached *** piety under Trog
  2114 | Sewer    | Reached skill level 4 in Maces & Flails
  2293 | Sewer    | Reached XP level 6. HP: 35/39 MP: 6/6
  2412 | Sewer    | Reached skill level 5 in Fighting
  2768 | D:3      | Reached **** piety under Trog
  2793 | D:3      | Noticed Grinder
  2795 | D:3      | Paralysed by Grinder for 6 turns
  2840 | D:3      | Killed Grinder
  2840 | D:3      | Reached XP level 7. HP: 31/44 MP: 7/7
  2904 | D:3      | Found a blossoming altar of Fedhas.
  3223 | D:4      | Reached skill level 5 in Maces & Flails
  3238 | D:4      | Reached skill level 5 in Armour
  3388 | D:4      | Reached XP level 8. HP: 51/51 MP: 8/8
  3509 | D:4      | Found Seetefoth's Distillery.
  3662 | D:4      | Noticed Sigmund
  3683 | D:4      | Killed Sigmund
  4030 | D:5      | Entered Level 5 of the Dungeon
  4116 | D:4      | Found a glowing golden altar of the Shining One.
  4311 | D:5      | Reached skill level 6 in Maces & Flails
  4676 | D:5      | Found an iron altar of Okawaru.
  4708 | D:5      | Reached XP level 9. HP: 56/56 MP: 9/9
  4945 | D:6      | Found a staircase to the Ecumenical Temple.
  4957 | D:6      | Reached skill level 5 in Dodging
  5246 | D:6      | Noticed Prince Ribbit
  5269 | D:6      | Killed Prince Ribbit
  5673 | D:6      | Found a hazy altar of Hepliaklqana.
  5757 | D:7      | Reached skill level 7 in Maces & Flails
  5839 | D:7      | Got a brightly glowing mace
  5842 | D:7      | Found a sand-covered staircase.
  5894 | D:7      | Identified the cursed +3 mace of Foqy {distort, rN+ Int+3
                  | Dex+2} (You found it on level 7 of the Dungeon)
  6005 | Ossuary  | Entered an ossuary
  6064 | Ossuary  | Reached ***** piety under Trog
  6064 | Ossuary  | Received a gift from Trog
  6295 | D:7      | Found a shattered altar of Ashenzari.
  6339 | D:7      | Reached XP level 10. HP: 27/64 MP: 10/10
  7598 | D:8      | Found a shimmering altar of Xom.
  7658 | D:8      | Reached skill level 8 in Maces & Flails
  7973 | D:9      | Noticed Joseph
  8005 | D:9      | Killed Joseph
  8083 | D:9      | Received a gift from Trog
  8099 | D:9      | Got a fine dire flail {god gift}
  8100 | D:9      | Identified the +5 dire flail of Extermination {crush, +Fly
                  | Int-5 Stlth+} (Trog gifted it to you on level 9 of the
                  | Dungeon)
  8151 | D:9      | Noticed a two-headed ogre
  8166 | D:9      | Killed a two-headed ogre
  8227 | D:9      | Found a staircase to the Orcish Mines.
  8399 | D:9      | Found an ancient bone altar of Kikubaaqudgha.
  8463 | D:9      | Reached XP level 11. HP: 68/71 MP: 11/11
  8481 | D:9      | Noticed a two-headed ogre
  8491 | D:9      | Killed a two-headed ogre
  8491 | D:9      | Reached skill level 9 in Maces & Flails
  8678 | D:9      | Reached skill level 10 in Fighting
  8760 | D:9      | Noticed a two-headed hydra
  8769 | D:9      | Killed a two-headed hydra
  9198 | D:10     | Entered Level 10 of the Dungeon
  9253 | D:10     | Received a gift from Trog
  9255 | D:10     | Reached skill level 10 in Armour
  9306 | D:10     | Found a staircase to the Lair.
  9560 | D:10     | Noticed a skeletal warrior
  9561 | D:10     | Noticed Vopap's ghost (journeyman GrGl)
  9561 | D:10     | Noticed a lich
  9561 | D:10     | Noticed a wolf spider
  9561 | D:10     | Noticed a skeletal warrior
  9562 | D:10     | Noticed a wolf spider
  9562 | D:10     | Noticed an ettin
  9562 | D:10     | Noticed a necromancer
  9607 | D:10     | Noticed a purple ugly thing
  9620 | D:10     | Killed a purple ugly thing
  9637 | D:10     | Found a runed translucent door.
  9658 | D:10     | Found a runed translucent door.
  9803 | D:10     | Noticed Sonja
  9810 | D:10     | Killed Sonja
 10161 | D:11     | Found a sacrificial altar of Ru.
 10213 | D:11     | Noticed a four-headed hydra
 10222 | D:11     | Killed a four-headed hydra
 10423 | D:11     | Reached skill level 10 in Maces & Flails
 10423 | D:11     | Reached XP level 12. HP: 79/79 MP: 12/12
 10456 | D:11     | Noticed a two-headed ogre
 10465 | D:11     | Killed a two-headed ogre
 10552 | D:11     | Noticed Grum
 10562 | D:11     | Killed Grum
 10922 | D:12     | Noticed Rupert
 10929 | D:12     | Noticed Josephine
 10938 | D:12     | Killed Rupert
 10949 | D:12     | Killed Josephine
 11104 | D:12     | Noticed Azrael
 11124 | D:12     | Killed Azrael
 11457 | D:12     | Noticed a five-headed hydra
 11464 | D:12     | Killed a five-headed hydra
 11644 | D:12     | Noticed Nessos
 11650 | D:12     | Killed Nessos
 11650 | D:12     | Reached skill level 11 in Maces & Flails
 11831 | D:13     | Reached XP level 13. HP: 86/86 MP: 13/13
 12190 | D:13     | Found a gate to the Vaults.
 12191 | D:13     | Noticed a yaktaur captain
 12220 | D:13     | Killed a yaktaur captain
 12546 | D:13     | Noticed Erolcha
 12549 | D:13     | Killed Erolcha
 12602 | D:13     | Found a corrupted altar of Lugonu.
 12610 | D:13     | Found Fuhec's General Store.
 12620 | D:13     | Bought the ring "Sevogir" {MP+9 Slay+5} for 576 gold pieces
 13477 | D:13     | Received a gift from Trog
 13581 | D:14     | Reached skill level 10 in Dodging
 13617 | D:14     | Reached skill level 12 in Maces & Flails
 13755 | D:14     | Found an ornate altar of the Wu Jian Council.
 14097 | D:14     | Gained mutation: Your large and strong wings let you fly
                  | indefinitely. [Gargoyle growth]
 14097 | D:14     | Reached XP level 14. HP: 49/94 MP: 14/14
 14307 | D:15     | Entered Level 15 of the Dungeon
 14307 | D:15     | Found a blossoming altar of Fedhas.
 14494 | D:15     | Received a gift from Trog
 15407 | D:15     | Found a staircase to the Depths.
 15621 | D:10     | Reached skill level 13 in Maces & Flails
 15641 | D:10     | Killed Vopap's ghost
 15670 | D:10     | Killed a lich
 15966 | Lair:1   | Entered Level 1 of the Lair of Beasts
 16812 | Lair:2   | Reached XP level 15. HP: 83/100 MP: 15/15
 17048 | Lair:2   | Noticed Fannar
 17052 | Lair:2   | Killed Fannar
 17079 | Lair:2   | Received a gift from Trog
 17399 | Lair:3   | Found a runed translucent door.
 17400 | Lair:3   | Noticed Junuurch's ghost (journeyman OpFi)
 17613 | Lair:3   | Found a staircase to the Snake Pit.
 17863 | Lair:3   | Reached skill level 14 in Maces & Flails
 18152 | Lair:3   | Noticed Gastronok
 18167 | Lair:3   | Killed Gastronok
 18333 | Lair:3   | Killed Junuurch's ghost
 18645 | Lair:4   | Found a runed translucent door.
 18741 | Lair:4   | Got a glittering amber ring
 18764 | Lair:4   | Found a staircase to the Swamp.
 18858 | Lair:4   | Identified the ring "Moiskeo" {rN+ MP+9} (You found it on
                  | level 4 of the Lair of Beasts)
 19206 | Lair:4   | Noticed Qiclaph's ghost (journeyman MiBe)
 19454 | Lair:5   | Received a gift from Trog
 20224 | Lair:6   | Entered Level 6 of the Lair of Beasts
 20237 | Lair:6   | Found a staircase to the Slime Pits.
 20695 | Lair:6   | Reached XP level 16. HP: 107/107 MP: 16/16
 20920 | Lair:6   | Found a runed translucent door.
 21036 | Lair:6   | Reached skill level 15 in Maces & Flails
 21412 | Lair:6   | Identified a scroll of acquirement
 21512 | Lair:6   | Received a gift from Trog
 22689 | Lair:4   | Killed Qiclaph's ghost
 22884 | Lair:1   | Identified the ring of Baikh {*Slow Str+2 Dex+9 Slay+2
                  | Stlth+} (You acquired it on level 1 of the Lair of Beasts)
 22958 | Orc:1    | Entered Level 1 of the Orcish Mines
 22964 | Orc:1    | Noticed Erica
 22986 | Orc:1    | Found Micomnoll's Antique Weapon Emporium.
 23031 | Orc:1    | Killed Erica
 23374 | Orc:1    | Noticed Snorg
 23383 | Orc:1    | Killed Snorg
 23767 | Orc:1    | Found a transporter.
 23771 | Orc:1    | Noticed Pucezots's ghost (journeyman MiBe)
 23771 | Orc:1    | Identified the cursed +1 great mace "Impslayer" {freeze,
                  | rC++}
 23776 | Orc:1    | Found a transporter.
 23795 | Orc:1    | Killed Pucezots's ghost
 24094 | Orc:2    | Entered Level 2 of the Orcish Mines
 24109 | Orc:2    | Received a gift from Trog
 24196 | Orc:2    | Gained mutation: Your magical capacity is low. (-10% MP) [a
                  | neqoxec]
 24503 | Orc:1    | Reached skill level 15 in Fighting
 24658 | Orc:2    | Received a gift from Trog
 24813 | Orc:2    | Found a staircase to the Elven Halls.
 25096 | Orc:2    | Found Huorableo's General Store.
 25119 | Orc:2    | Found Vecol's Antique Armour Shop.
 25119 | Orc:2    | Found Goto's Antique Weapon Shop.
 25121 | Orc:2    | Found Kogif's Jewellery Boutique.
 25129 | Orc:2    | Reached XP level 17. HP: 104/113 MP: 15/15
 25173 | Orc:2    | Bought a shimmering plate armour for 924 gold pieces
 25173 | Orc:2    | Bought a distressingly furry scale mail for 297 gold pieces
 25173 | Orc:2    | Bought a pair of scorched gloves for 313 gold pieces
 25184 | Orc:2    | Identified the +7 plate armour "Xuugamir" {-Cast rN+++
                  | Dex+4} (You bought it in a shop on level 2 of the Orcish
                  | Mines)
 25194 | Orc:2    | Identified the cursed +0 pair of gloves "Wenas" {rF+} (You
                  | bought it in a shop on level 2 of the Orcish Mines)
 25204 | Orc:2    | Identified the +6 scale mail "Xetu" {*Slow rElec rC+} (You
                  | bought it in a shop on level 2 of the Orcish Mines)
 25225 | Orc:2    | Bought an uncursed ring of see invisible for 240 gold
                  | pieces
 25577 | D:4      | Bought a potion of resistance for 100 gold pieces
 25577 | D:4      | Bought 2 potions of haste for 200 gold pieces
 25577 | D:4      | Bought a potion of heal wounds for 50 gold pieces
 25577 | D:4      | Bought a potion of haste for 100 gold pieces
 25936 | Swamp:1  | Entered Level 1 of the Swamp
 26036 | Swamp:1  | Found a frozen archway.
 26039 | Swamp:1  | Reached skill level 15 in Armour
 26051 | IceCv    | Entered an ice cave
 26215 | IceCv    | Reached skill level 16 in Maces & Flails
 26441 | IceCv    | Received a gift from Trog
 26507 | IceCv    | Noticed an Ice Fiend
 26519 | IceCv    | Killed an Ice Fiend
 28173 | Swamp:2  | Noticed Kirke
 28177 | Swamp:2  | Killed Kirke
 28368 | Swamp:2  | Received a gift from Trog
 29330 | Swamp:3  | Got a warped leather armour
 29331 | Swamp:3  | Identified the +2 leather armour of Lugonu's Wrath {Int+4}
                  | (You found it on level 3 of the Swamp)
 29375 | Swamp:3  | Noticed Aizul
 29391 | Swamp:3  | Killed Aizul
 29410 | Swamp:3  | Noticed Nikola
 29425 | Swamp:3  | Killed Nikola
 30086 | Swamp:4  | Entered Level 4 of the Swamp
 30086 | Swamp:4  | Found a transporter.
 30093 | Swamp:4  | Reached XP level 18. HP: 120/120 MP: 16/16
 30132 | Swamp:4  | Reached skill level 17 in Maces & Flails
 30531 | Swamp:4  | Identified the +10 trident of Quzol {distort, Dex+2}
 30766 | Swamp:4  | Noticed Yorgos's ghost (adept GnFi)
 30767 | Swamp:4  | Found a transporter.
 30769 | Swamp:4  | Found a one-way gate to the infinite horrors of the Abyss.
 30884 | Swamp:4  | Received a gift from Trog
 30966 | Swamp:4  | Noticed the 27-headed Lernaean hydra
 31335 | Swamp:4  | Killed the 27-headed Lernaean hydra
 31544 | Swamp:4  | Got a decaying rune of Zot
 31659 | Swamp:4  | Reached skill level 15 in Dodging
 32163 | Swamp:4  | Killed Yorgos's ghost
 32169 | Swamp:4  | Cast into level 2 of the Abyss (spriggan rider)
 33107 | Abyss:2  | Received a gift from Trog
 33190 | Abyss:2  | Found a corrupted altar of Lugonu.
 33270 | Swamp:4  | Escaped the Abyss
 33619 | Snake:1  | Entered Level 1 of the Snake Pit
 34000 | Snake:1  | Reached XP level 19. HP: 122/126 MP: 17/17
 34198 | Snake:1  | Reached skill level 18 in Maces & Flails
 34955 | Snake:2  | Received a gift from Trog
 35553 | Snake:2  | Found a white marble altar of Elyvilon.
 36406 | Snake:3  | Received a gift from Trog
 36575 | Snake:4  | Entered Level 4 of the Snake Pit
 36598 | Snake:4  | Reached skill level 1 in Evocations
 36978 | Snake:4  | Noticed Vashnia
 36989 | Snake:4  | Killed Vashnia
 37282 | Snake:4  | Received a gift from Trog
 37533 | Snake:4  | Reached XP level 20. HP: 126/133 MP: 19/19
 37601 | Snake:4  | Noticed Agnes
 37603 | Snake:4  | Noticed Bai Suzhen
 37651 | Snake:4  | Killed Bai Suzhen
 37657 | Snake:4  | Killed Agnes
 37713 | Snake:4  | Reached skill level 19 in Maces & Flails
 38070 | Snake:4  | Received a gift from Trog
 38307 | Snake:4  | Got a serpentine rune of Zot
 38727 | Vaults:1 | Entered Level 1 of the Vaults
 38847 | Vaults:1 | Received a gift from Trog
 39328 | Vaults:1 | Found Saink's Assorted Antiques.
 40135 | Vaults:2 | Received a gift from Trog
 40575 | Vaults:2 | Reached XP level 21. HP: 128/140 MP: 10/22
 41026 | Vaults:2 | Reached skill level 5 in Evocations
 41398 | Vaults:3 | Noticed Donald
 41781 | Vaults:3 | Killed Donald
 41857 | Vaults:3 | Received a gift from Trog
 42355 | Vaults:3 | Reached skill level 20 in Maces & Flails
 42359 | Vaults:3 | Received a gift from Trog
 42487 | Vaults:3 | Found a staircase to the Crypt.
 42487 | Vaults:3 | Found a basalt altar of Yredelemnul.
 42488 | Vaults:3 | Found an ancient bone altar of Kikubaaqudgha.
 43056 | Vaults:3 | Found Emerazam's Book Boutique.
 43473 | Vaults:4 | Received a gift from Trog
 43612 | Vaults:4 | Reached XP level 22. HP: 100/147 MP: 10/23
 44263 | Vaults:4 | Received a gift from Trog
 44859 | Vaults:4 | Cast into level 2 of the Abyss (ironbrand convoker)
 44944 | Abyss:2  | Paralysed by you for 4 turns
 45073 | Abyss:2  | Received a gift from Trog
 45263 | Vaults:4 | Escaped the Abyss
 46108 | Elf:1    | Entered Level 1 of the Elven Halls
 46118 | Elf:1    | Reached skill level 21 in Maces & Flails
 46132 | Elf:1    | Got a dazzling leather armour
 46133 | Elf:1    | Identified the +1 leather armour of the Orb {Int+4} (You
                  | found it on level 1 of the Elven Halls)
 46252 | Elf:1    | Received a gift from Trog
 46812 | Elf:1    | Found Guekh's Jewellery Boutique.
 46818 | Elf:1    | Bought the amulet of Beoqus Xoczi {Reflect rC+ Dex+3 SH+5}
                  | for 984 gold pieces
 46818 | Elf:1    | Bought the ring of Rosaonn {MR+ Slay+5} for 848 gold pieces
 46977 | Elf:1    | Received a gift from Trog
 47468 | Elf:2    | Reached XP level 23. HP: 150/153 MP: 8/24
 47524 | Elf:2    | Found a ruined gateway.
 47542 | Desolati | Entered the Desolation of Salt
 47959 | Desolati | Received a gift from Trog
 47961 | Desolati | Reached ****** piety under Trog
 48112 | Desolati | Found the cursed necklace of Bloodlust {*Rage +Rage MR++
                  | Int-3 Slay+6 *Curse}
 48342 | Desolati | Got a brightly glowing platinum ring
 48344 | Desolati | Got a vibrating lead amulet
 48358 | Desolati | Identified the amulet "Daigemy" {Fragile Regen+ Str+7
                  | Slay+2} (You found it in the Desolation of Salt)
 48359 | Desolati | Identified the ring "Umnom" {rC+ rCorr} (You found it in
                  | the Desolation of Salt)
 48564 | Desolati | Received a gift from Trog
 48584 | Desolati | Got a bloodstained mace
 48603 | Desolati | Got a transparent demon trident
 48611 | Desolati | Got a spiked leather armour
 48618 | Desolati | Identified the cursed +0 leather armour "Seanwafu" {Str+4}
                  | (You found it in the Desolation of Salt)
 48619 | Desolati | Identified the cursed +0 mace of the Ancients {freeze, +Fly
                  | MP+9 Str+4 Int-4} (You found it in the Desolation of Salt)
 48703 | Desolati | Got a scorched wooden ring
 48888 | Desolati | Identified the ring "Deasu" {Wiz rF+ Str+4} (You found it
                  | in the Desolation of Salt)
 48960 | Elf:2    | Found a huge runed translucent gate.
 48960 | Elf:2    | Found a huge runed translucent gate.
 48960 | Elf:2    | Found a huge runed translucent gate.
 48962 | Elf:2    | Found a huge runed translucent gate.
 48962 | Elf:2    | Found a huge runed translucent gate.
 49455 | Elf:2    | Received a gift from Trog
 49621 | Elf:3    | Entered Level 3 of the Elven Halls
 49626 | Elf:3    | Found Onaoty's Antique Weapon Shop.
 49659 | Elf:3    | Found a transporter.
 49674 | Elf:3    | Identified the amulet of Eternal Night {Reflect Int+2
                  | Slay+5 SH+5}
 49675 | Elf:3    | Noticed Ge0ff's ghost (adept FoTm)
 49697 | Elf:3    | Found a transporter.
 50017 | Elf:3    | Received a gift from Trog
 50034 | Elf:3    | Reached skill level 22 in Maces & Flails
 50074 | Elf:3    | Reached XP level 24. HP: 51/160 MP: 8/24
 50553 | Elf:3    | Identified the Handbook of Stones
 50587 | Elf:3    | Found the +15 Maxwell's patent armour {-Cast -Tele rElec
                  | MR+ rCorr}
 50592 | Elf:3    | Got a faintly glowing bone ring
 50601 | Elf:3    | Identified the Catalogue of Mutagenic Flight
 50632 | Elf:3    | Identified the +1 cloak "Sutur" {+Blink} (You acquired it
                  | on level 3 of the Elven Halls)
 50651 | Elf:3    | Got a crystal falchion
 50652 | Elf:3    | Identified the +7 falchion "Ykkeuc" {venom, rF+ Dex+3} (You
                  | found it on level 3 of the Elven Halls)
 50701 | Elf:3    | Found the -2 hat of the Alchemist {rElec rPois rF+ rC+ rN+
                  | MR+ rMut rCorr}
 50702 | Elf:3    | Found the macabre finger necklace {rN+}
 50907 | Elf:3    | Identified the ring of Keowohol {rElec MP+9 Int+7 Dex+4
                  | Stlth+} (You found it on level 3 of the Elven Halls)
 51456 | Elf:3    | Killed Ge0ff's ghost
 51925 | Vaults:5 | Entered Level 5 of the Vaults
 51935 | Vaults:4 | Received a gift from Trog
 52371 | Vaults:5 | Killed from afar by a titan

Levels and vault maps discovered:
D:1:      shiori_arrival_whats_in_store_for_you, layout_basic,
          serial_bayou_pond_e
D:2:      layout_loops_cross, makhleb_heckhound_becter,
          nemelex_xobeh_ov_fountains_minmay, nicolae_dithmenos_shadow_blocks,
          chequers_ecumenical_altar_simple, first_ration,
          kennysheep_generic_room_11
D:3:      layout_rooms, lemuel_round_altar, cheibrodos_sewer_entry_sluice,
          uniq_grinder
D:4:      lemuel_upstairs_altar, layout_loops_corners, serial_shops, shop,
          uniq_sigmund
D:5:      layout_basic, kennysheep_little_box
D:6:      layout_cave_pools, kennysheep_mini_moat, minmay_temple_entry_waves,
          uniq_prince_ribbit1
D:7:      layout_layer_cave, evilmike_ruin_ashenzari, nicolae_ossuary_entry_plus
D:8:      layout_rooms, lemuel_coloured_pillars_altar
D:9:      layout_roguey, nicolae_overflow_crystal_walls, zombieorc2_lemuel,
          hangedman_ranch [blue_anna_fruit_fields], grunt_ministairs_15,
          grunt_decor_mini_mirrors, lightli_orcish_oven, uniq_joseph
D:10:     layout_long_grid, minmay_lair_entry_grove,
          muffindrake_ghost_dual_entry, uniq_sonja
D:11:     layout_loops_ring, basic_altar, uniq_grum
D:12:     layout_cave_pools, uniq_rupert, uniq_josephine, uniq_azrael,
          uniq_nessos
D:13:     layout_grid_maze, david_vaults_2, serial_shops, shop,
          tgw_lugonu_bribe, uniq_erolcha
D:14:     layout_basic, basic_altar, kennysheep_decorative_pillar,
          grunt_tough_drop
D:15:     grunt_enter_depths_hoard, layout_long_grid, fedhas_altar_2
Lair:1:   layout_loops_ring, grunt_megastairs_1
Lair:2:   layout_hall_layers, lemuel_fruit_tree, uniq_fannar
Lair:3:   layout_hall_layers, minmay_snake_entry_guardpost_medium,
          ebering_ghost_inner_flame, uniq_gastronok
Lair:4:   layout_long_grid, minmay_swamp_entry_swarm,
          ebering_ghost_reflecting_pool, beast_lair_carwin_6,
          minmay_lair_oklob_chamber, serial_bayou_shore_b
Lair:5:   layout_regular_city
Lair:6:   hangedman_lair_in_review, layout_regular_city, wormcave, slime_dummy,
          eino_small_chamber_without_monster, infiniplex_staircase_pool_2
Swamp:1:  layout_falls_marsh, portal_ice_cave_entry_frozen_things,
          hangedman_swamp_ruin_wall
Swamp:2:  layout_basic_swamp, hangedman_swamp_lotus, uniq_kirke
Swamp:3:  layout_falls_marsh, evilmike_swamp_ruin_house_6, swamp_pool1,
          st_swamp_mini, uniq_aizul, uniq_nikola
Swamp:4:  swamp_old_school, layout_basic_swamp, gammafunk_ghost_abyssal_escape
Snake:1:  cheibrodos_snake_lava_hold, layout_layer_cave
Snake:2:  nicolae_snake_nest, layout_onion_interference, serial_bayou,
          serial_bayou_pond_e, serial_bayou_lagoon_a, serial_bayou_shore_a,
          serial_bayou_shore_b, serial_bayou_pond_b, basic_altar
Snake:3:  layout_rooms, serial_bayou_pond_d, grunt_megastairs_4
Snake:4:  snake_pit, layout_basic, serial_bayou_lake_a, uniq_vashnia,
          uniq_agnes, uniq_bai_suzhen
Orc:1:    layout_caves, serial_shops, shop, gammafunk_ghost_smash, uniq_erica,
          uniq_snorg
Orc:2:    st_orc_congregation, layout_caves
Elf:1:    minmay_elf_arrival_plus, layout_loops_corners, serial_shops,
          shop_fountains, minmay_elf_necromancy
Elf:2:    layout_geoelf_diagonals, portal_desolation_entry_garden
Elf:3:    elf_hall, layout_gridlike, serial_aquarium, aquarium_bridge_square
          [aquarium_subvault_wall, aquarium_subvault_bridge,
          aquarium_subvault_bridge, aquarium_subvault_window],
          aquarium_window_corner, aquarium_window_corner, aquarium_window_fake,
          aquarium_window_1, aquarium_view_2d, aquarium_view_2b,
          aquarium_balcony_1b, serial_shops, nicolae_shop_statue_plus,
          gammafunk_ghost_berserking_beasts
Vaults:1: st_squares, hangedman_vaults_slither, v_misc_22,
          nicolae_vaults_diagonal_hallway_8, vaults_room_hallway,
          grunt_vaults_funnel, vaults_dpeg_cross, ontoclasm_vaults_shuriken,
          nicolae_vaults_specimen_jars, ontoclasm_vaults_hangar,
          nicolae_vaults_three_branches, ontoclasm_vaults_eye,
          layout_vaults_big_room, serial_shops, shop_statue
Vaults:2: nicolae_vaults_little_squares_4, v_alt_pattern_3,
          layout_vaults_omnigrid
Vaults:3: v_rooms_1, nicolae_vaults_hallways_thing, dpeg_vaults_monster_row,
          minmay_crypt_entry_necro_gods, v_misc_11,
          nicolae_vaults_windows_and_doors_thing, vaults_mumra_minichess,
          hangedman_vaults_impose, nicolae_vaults_border_crossing,
          ontoclasm_vaults_gallery, v_misc_19, grunt_vaults_hallway_short,
          ontoclasm_vaults_ligature, ontoclasm_vaults_ring_square,
          layout_vaults_maze_snakey, serial_shops, nicolae_shop_trees,
          uniq_donald
Vaults:4: nicolae_vaults_little_squares_6, nicolae_vaults_twisting_passages,
          ontoclasm_vaults_spin, vaults_room_corners, vaults_room_large_hall,
          hangedman_vaults_nodes, ontoclasm_vaults_bender, vaults_room_corners,
          v_misc_15, vaults_room_fours, vaults_room_pool,
          nicolae_vaults_angled_halls, layout_vaults_big_cross
Vaults:5: serial_shops, uniq_mennas

Skill      XL: |  1  2  3  4  5  6  7  8  9 10 11 12 13 14 15 16 17 18 19 20 21 22 23 |
---------------+----------------------------------------------------------------------+-----
Dodging        | 2 3 4 6 7 8 9 10 11 12 13 14 15 16 17 18 19 | 19.3
Fighting       | 4 5 6 8 9 10 12 13 14 15 16 17 18 19 | 19.5
Armour         | 3 4 5 6 7 9 10 11 12 13 14 15 16 17 18 19 | 19.4
Maces & Flails | 4 5 6 7 8 10 11 12 13 14 15 16 17 18 19 20 21 22 | 22.5
Evocations     | 2 4 5 |  5.0

Action                   |  1- 3 |  4- 6 |  7- 9 | 10-12 | 13-15 | 16-18 | 19-21 | 22-24 || total
-------------------------+-------+-------+-------+-------+-------+-------+-------+-------++-------
Melee: Mace              |   116 |   221 |   292 |   167 |       |       |       |       ||   796
       Flail             |       |       |   117 |     8 |       |       |       |       ||   125
       Dire flail        |       |       |       |   510 |  1101 |  1389 |   741 |       ||  3741
       Unarmed           |       |       |       |       |       |     7 |       |       ||     7
       Great mace        |       |       |       |       |       |    90 |   815 |  1237 ||  2142
Throw: Throwing net      |       |       |       |       |       |     1 |       |       ||     1
Invok: Berserk           |     1 |     1 |     4 |     6 |     6 |    10 |     2 |     5 ||    35
       Trog's Hand       |       |     1 |     1 |     2 |     4 |     1 |     6 |     2 ||    17
       Brothers in Arms  |       |       |       |     2 |     3 |     2 |     3 |     5 ||    15
 Abil: Fly               |       |       |       |       |     1 |       |       |       ||     1
Evoke: Wand              |       |       |       |     8 |       |       |     7 |     1 ||    16
  Use: Scroll            |     1 |     5 |     4 |     6 |     9 |    14 |     6 |    28 ||    73
       Potion            |       |     2 |       |       |     4 |     9 |     1 |     4 ||    20
 Stab: Paralysed         |       |       |       |     2 |       |       |       |       ||     2
       Petrified         |       |       |       |       |       |     1 |       |       ||     1
       Distracted        |       |       |       |       |       |     2 |       |     2 ||     4
       Confused          |       |       |       |       |       |     2 |       |       ||     2
       Fleeing           |       |       |       |       |       |       |     2 |       ||     2
  Eat: Chunk             |     2 |     7 |    15 |    21 |    36 |    26 |    32 |    22 ||   161
       Ration            |       |       |       |     2 |       |     8 |     2 |     4 ||    16
Armor: Animal skin       |    27 |       |       |       |       |       |       |       ||    27
       Ring mail         |    23 |   213 |   265 |     3 |       |       |       |       ||   504
       Chain mail        |       |       |       |   343 |   581 |   208 |       |       ||  1132
       Plate armour      |       |       |       |    53 |    16 |   586 |   822 |   544 ||  2021
       Skin              |       |       |       |       |       |     2 |       |       ||     2
Dodge: Dodged            |    74 |   250 |   267 |   336 |   593 |  1166 |  1552 |  1155 ||  5393
Block: Other             |       |       |       |     5 |    52 |    85 |    95 |   163 ||   400
       Reflection        |       |       |       |       |       |     2 |     8 |    12 ||    22

Table legend:
 A = Non-vault XP
 B = Vault XP
 C = Vault XP percentage of total XP
 D = Non-vault monster count
 E = Vault monster count
 F = Vault count percentage of total count
                 A         B        C        D         E       F
            +---------+---------+-------+---------+---------+-------
      Total |  474404 |  404542 |  46.0 |    1232 |     791 |  39.1
            +---------+---------+-------+---------+---------+-------
        D:1 |      36 |       0 |   0.0 |      21 |       0 |   0.0
        D:2 |      57 |      43 |  43.0 |      17 |       1 |   5.6
        D:3 |      65 |     306 |  82.5 |      23 |       5 |  17.9
        D:4 |     517 |     227 |  30.5 |       9 |       1 |  10.0
        D:5 |     749 |       0 |   0.0 |      26 |       0 |   0.0
        D:6 |     820 |     277 |  25.3 |      22 |       1 |   4.3
        D:7 |     981 |       0 |   0.0 |      21 |       0 |   0.0
        D:8 |    1398 |       0 |   0.0 |      21 |       0 |   0.0
        D:9 |    2996 |    3747 |  55.6 |      21 |      52 |  71.2
       D:10 |    1254 |   10011 |  88.9 |      14 |      25 |  64.1
       D:11 |    3897 |     537 |  12.1 |      24 |       4 |  14.3
       D:12 |    3137 |    7621 |  70.8 |      17 |      11 |  39.3
       D:13 |    9988 |    2793 |  21.9 |      44 |       4 |   8.3
       D:14 |    9734 |    3076 |  24.0 |      33 |       5 |  13.2
       D:15 |   10488 |    1961 |  15.8 |      36 |       2 |   5.3
     Lair:1 |    7514 |     300 |   3.8 |      34 |       2 |   5.6
     Lair:2 |    4091 |     997 |  19.6 |      19 |       1 |   5.0
     Lair:3 |    8309 |    3885 |  31.9 |      24 |       6 |  20.0
     Lair:4 |    6374 |    7466 |  53.9 |      21 |      18 |  46.2
     Lair:5 |    7585 |       0 |   0.0 |      34 |       0 |   0.0
     Lair:6 |   13636 |   18327 |  57.3 |      27 |      38 |  58.5
    Swamp:1 |    8482 |     710 |   7.7 |      25 |       2 |   7.4
    Swamp:2 |   15789 |    1855 |  10.5 |      31 |       1 |   3.1
    Swamp:3 |   18458 |    8467 |  31.4 |      28 |       7 |  20.0
    Swamp:4 |   17753 |   29157 |  62.2 |      33 |      35 |  51.5
    Snake:1 |   18000 |    5094 |  22.1 |      37 |       9 |  19.6
    Snake:2 |   15574 |    4057 |  20.7 |      29 |       4 |  12.1
    Snake:3 |   12592 |    3798 |  23.2 |      21 |       4 |  16.0
    Snake:4 |   34393 |   40319 |  54.0 |      66 |      49 |  42.6
      Orc:1 |    4370 |    7763 |  64.0 |      42 |      13 |  23.6
      Orc:2 |    2450 |   10887 |  81.6 |      30 |      71 |  70.3
      Elf:1 |   29465 |    6511 |  18.1 |      45 |      14 |  23.7
      Elf:2 |    8355 |   22554 |  73.0 |      14 |      30 |  68.2
      Elf:3 |    6475 |   56042 |  89.6 |      11 |      43 |  79.6
   Vaults:1 |   19974 |   13791 |  40.8 |      31 |      29 |  48.3
   Vaults:2 |   24178 |       0 |   0.0 |      47 |       0 |   0.0
   Vaults:3 |   53612 |   31524 |  37.0 |      85 |      39 |  31.5
   Vaults:4 |   60781 |   28952 |  32.3 |      80 |      38 |  32.2
   Vaults:5 |    2495 |    4505 |  64.4 |       4 |       5 |  55.6
    Abyss:2 |   27582 |    5733 |  17.2 |      65 |      16 |  19.8
      Sewer |       0 |     380 | 100.0 |       0 |      48 | 100.0
    Ossuary |       0 |     523 | 100.0 |       0 |      38 | 100.0
      IceCv |       0 |    8227 | 100.0 |       0 |      22 | 100.0
 Desolation |       0 |   52119 | 100.0 |       0 |      98 | 100.0
            +---------+---------+-------+---------+---------+-------
